 Dungeon Crawl Stone Soup version 0.20.1-1-g8b1a95d (webtiles) character file.

49 vineage the Shield-Bearer (level 3, -9/29 HPs)
             Began as a Demonspawn Fighter on Oct 18, 2017.
             Mangled by a gnoll
             ... wielding a +0 whip of electrocution
              (10 damage)
             ... on level 2 of the Dungeon.
             The game lasted 00:00:58 (1069 turns).

vineage the Shield-Bearer (Demonspawn Fighter)      Turns: 1069, Time: 00:00:58

Health: -9/29      AC: 11    Str: 17    XL:     3   Next: 51%
Magic:  3/3        EV:  2    Int:  9    God:
Gold:   69         SH:  9    Dex: 12    Spells: 2/2 levels left

rFire    . . .     SeeInvis .   a - +0 long sword
rCold    . . .     Gourm    .   c - +0 shield
rNeg     . . .     Faith    .   e - +0 plate armour
rPois    .         Spirit   .   (no helmet)
rElec    .         Reflect  .   (no cloak)
rCorr    .         Harm     .   (no gloves)
MR       .....                  (no boots)
Stlth    ..........             (no amulet)
Regen    0.1/turn               (no ring)
MPRegen  0.1/turn               (no ring)

@: no status effects
A: powered by pain 1
a: no special abilities


You were on level 2 of the Dungeon.
You were hungry.

You visited 1 branch of the dungeon, and saw 2 of its levels.

You collected 69 gold pieces.

Inventory:

Hand Weapons
 a - a +0 long sword (weapon)
Armour
 b - a +0 scale mail
 c - a +0 shield (worn)
 e - a +0 plate armour (worn)
Jewellery
 n - an uncursed ring of poison resistance {unknown}
Scrolls
 g - 3 scrolls of remove curse {unknown}
 j - a scroll of enchant weapon {unknown}
 k - a scroll of enchant armour {unknown}
 m - a scroll of blinking {unknown}
Potions
 d - a potion of might
 h - a potion of resistance {unknown}
 i - a potion of mutation {unknown}
 l - a potion of haste {unknown}
Comestibles
 f - a bread ration
 o - a meat ration
 p - a royal jelly
 q - 4 fruits


   Skills:
 + Level 3.2 Fighting
 + Level 2.3 Long Blades
 + Level 2.8 Armour
 + Level 0.3 Dodging
 + Level 3.4 Shields


You had 2 spell levels left.
You didn't know any spells.

Dungeon Overview and Level Annotations

Branches:
Dungeon (2/15)

Altars:
Ashenzari


Innate Abilities, Weirdness & Mutations

You sometimes gain a little power by taking damage.


Message History

You barely miss the gnoll.
The gnoll is almost dead.
The gnoll hits you but does no damage.
You hit the gnoll.
You kill the gnoll!
You hit the gnoll.
The gnoll is moderately wounded.
The gnoll hits you but does no damage. x2; You are electrocuted!
Your plate armour prevents you from hitting the gnoll.
The gnoll is moderately wounded.
The gnoll hits you but does no damage.
You hit the gnoll.
The gnoll is severely wounded.
You block the gnoll's attack. The gnoll hits you but does no damage.
You are electrocuted!
* * * LOW HITPOINT WARNING * * *
You closely miss the gnoll.
The gnoll is severely wounded.
The gnoll hits you but does no damage.
You are electrocuted!
You die...

### ..# #.# ### #.#
#.############ #. #.#
#............. #. #.#
#.######...... #. #@# #.#
##♣♣♣♣♣♣♣ ## #. #g# #.#
#........ ... #. #.# #.#
##.♣♣♣♣♣♣♣ ♣.. #. #.#
#.###..#.#####
♣..#.##.###.#.....÷.....
._.♣(...♣)♣)..#.#####.####
♣...g.................>.
♣......♣.♣...#.#####.#...
...(......###.#.#####.#...


You could see a gnoll.

Vanquished Creatures
  A gnoll (D:2)
  2 adders (D:2)
  2 leopard geckos (D:2)
  2 bats (D:1)
  A giant cockroach (D:1)
  3 goblins (D:1)
  A hobgoblin (D:1)
  A quokka (D:2)
  A frilled lizard (D:1)
  3 kobolds
  A rat (D:1)
18 creatures vanquished.

Notes
Turn   | Place    | Note
-------+----------+-------------------------------------------
     0 | D:1      | vineage the Demonspawn Fighter began the quest for the Orb.
     0 | D:1      | Reached XP level 1. HP: 18/18 MP: 1/1
   198 | D:1      | Gained mutation: You sometimes gain a little power by taking damage. [demonic ancestry]
   198 | D:1      | Reached XP level 2. HP: 24/24 MP: 2/2
   654 | D:2      | Found a shattered altar of Ashenzari.
   782 | D:2      | Reached XP level 3. HP: 9/29 MP: 3/3
  1044 | D:2      | Found a faded altar of an unknown god.
  1068 | D:2      | HP: 1/29 [gnoll/whip of electrocution (13)]
  1069 | D:2      | Mangled by a gnoll

Skill      XL: |  1  2 |
---------------+-------+-----
Long Blades    | 2 |  2.3
Shields        | 3 |  3.4
Fighting       | |  3.2
Armour         | |  2.8
Dodging        | |  0.3

Action                   || total
-------------------------++-------
Melee: Long sword        ||   110
Armor: Plate armour      ||    81
       Scale mail        ||     3
Dodge: Dodged            ||    10
Block: Shield            ||    67
       Rpst.: Long sword ||     5
